 Dungeon Crawl Stone Soup version 0.21.1-1-g345015fe64 (webtiles) character file.

807 LevaFresel the Slinger (level 8, -8/52 HPs)
             Began as a Halfling Hunter on June 7, 2018.
             Was an Initiate of Okawaru.
             Mangled by an orc warrior
             ... wielding a +0 long sword
              (13 damage)
             ... on level 5 of the Dungeon.
             The game lasted 00:37:00 (8491 turns).

LevaFresel the Slinger (Halfling Hunter)            Turns: 8491, Time: 00:37:01

Health: -8/52      AC:  8    Str: 15    XL:     8   Next: 14%
Magic:  9/9        EV: 16    Int:  9    God:    Okawaru [......]
Gold:   221        SH:  0    Dex: 17    Spells: 7/7 levels left

rFire    . . .     SeeInvis .   a - +1 hunting sling
rCold    . . .     Gourm    .   (shield restricted)
rNeg     . . .     Faith    .   p - +3 leather armour of Vehumet's Regard {MR+}
rPois    .         Spirit   .   (no helmet)
rElec    .         Reflect  .   (no cloak)
rCorr    .         Harm     .   n - +1 pair of gloves
MR       +....                  (no boots)
Stlth    +++.......             (no amulet)
HPRegen  0.17/turn              g - +2 ring of dexterity
MPRegen  0.11/turn              u - ring of stealth

@: no status effects
A: small, mutation resistance 1
a: Renounce Religion


You were on level 5 of the Dungeon.
You worshipped Okawaru.
Okawaru was noncommittal.
You were not hungry.

You visited 2 branches of the dungeon, and saw 8 of its levels.

You collected 221 gold pieces.

Inventory:

Hand Weapons
 a - a +1 hunting sling (weapon)
 b - a +1 short sword of protection
Missiles
 d - 25 sling bullets (quivered)
 i - 116 stones
Armour
 n - a +1 pair of gloves (worn)
 p - the +3 leather armour of Vehumet's Regard (worn) {MR+}
   (You found it on level 4 of the Dungeon)

   It affects your resistance to hostile enchantments.
Jewellery
 g - a +2 ring of dexterity (left hand)
 u - a ring of stealth (right hand)
 B - an uncursed amulet of regeneration {unknown}
Wands
 y - a wand of flame (22)
 C - a wand of iceblast (4)
Scrolls
 c - 3 scrolls of remove curse {unknown}
 f - a scroll of identify
 j - a scroll of teleportation
 m - a scroll of fear {unknown}
 o - a scroll of fog
 q - a scroll of amnesia {unknown}
 t - a scroll of noise {unknown}
 v - a scroll of enchant armour {unknown}
 z - a scroll of immolation {unknown}
 A - a scroll of random uselessness {unknown}
Potions
 e - a potion of haste {unknown}
 h - 3 potions of curing {unknown}
 k - 2 potions of mutation {unknown}
 l - 2 potions of magic {unknown}
 w - a potion of lignification {unknown}
 x - a potion of invisibility {unknown}
Books
 s - a book of Misfortune

   Spells                             Type                      Level
   a - Confusing Touch                Hexes                        1
   b - Confuse                        Hexes                        3
   c - Gell's Gravitas                Translocation                3
   d - Petrify                        Transmutation/Earth          4
   e - Metabolic Englaciation         Hexes/Ice                    5
   f - Yara's Violent Unravelling     Hexes/Transmutation          5
Comestibles
 r - a ration


   Skills:
 + Level 3.3 Fighting
 + Level 3.6 Short Blades
 * Level 9.0 Slings
 + Level 3.2 Armour
 + Level 4.1 Dodging
 - Level 2.0 Stealth
 + Level 2.2 Invocations


You had 7 spell levels left.
You didn't know any spells.

Dungeon Overview and Level Annotations

Branches:
Dungeon (7/15)             Temple (1/1) D:4

Altars:
Cheibriados
Dithmenos
Elyvilon
Fedhas
Gozag
Hepliaklqana
Kikubaaqudgha
Makhleb
Nemelex Xobeh
Okawaru
Qazlal
Ru
Trog
Uskayaw
Vehumet
Xom
Yredelemnul
Zin
The Shining One

Annotations:
D:5 ysobel's ghost, novice MfGl


Innate Abilities, Weirdness & Mutations

You are small and have problems with some larger weapons.
You are somewhat resistant to further mutation.


Message History

Firing (i - inventory. (,) - cycle):
d - 28 sling bullets (quivered)
Press: ? - help, Shift-Dir - straight line, f/p - orc warrior
Aim: an orc warrior, wielding a long sword and wearing a chain mail (heavily wounded)
You shoot a sling bullet.
The sling bullet hits the orc warrior but does no damage.
The orc warrior is heavily wounded.
Firing (i - inventory. (,) - cycle):
d - 27 sling bullets (quivered)
Press: ? - help, Shift-Dir - straight line, f/p - orc warrior
Aim: an orc warrior, wielding a long sword and wearing a chain mail (heavily wounded)
You shoot a sling bullet.
The sling bullet closely misses the orc warrior.
The orc warrior closely misses you.
Firing (i - inventory. (,) - cycle):
d - 26 sling bullets (quivered)
Press: ? - help, Shift-Dir - straight line, f/p - orc warrior
Aim: an orc warrior, wielding a long sword and wearing a chain mail (heavily wounded)
You shoot a sling bullet.
The sling bullet hits the orc warrior but does no damage.
The orc warrior is heavily wounded.
The orc warrior hits you with a long sword!
You die...

#.#............#....
#.#..........#......
#.#.##...........#..
#.#.##..............
#.#.##..............
#.#.########'#......
#.#.# #.###.###
#.#.# #.###.###
#.#@# #........
#.#o# #######.###
#.#.# #..........
#.#.# #######.###
#.#.######### #.#
#)#'#.......# #.###
#...........####.#..
#..(...........#.#..
#....####......#.#..


You could see an orc warrior.

Vanquished Creatures
  An ogre (D:3)
  A centaur (D:2)
  Blork the orc (D:4)
  A bullfrog (D:6)
  A scorpion (D:4)
  A howler monkey (D:4)
  A bullfrog zombie (D:5)
  3 orc wizards
  Crazy Yiuf (D:4)
  A bullfrog skeleton (D:3)
  An iguana (D:5)
  2 worker ants (D:5)
  9 adders
  An ooze (D:4)
  2 worms
  5 dart slugs
  4 leopard geckos
  4 orcs
  3 giant cockroaches (D:1)
  8 goblins
  4 hobgoblins
  4 jackals (D:3)
  4 quokkas
  2 ball pythons
  11 bats
  3 frilled lizards
  11 kobolds
  A leopard gecko zombie (D:5)
  A quokka skeleton (D:4)
  9 rats
101 creatures vanquished.

Notes
Turn   | Place    | Note
-------+----------+-------------------------------------------
     0 | D:1      | LevaFresel the Halfling Hunter began the quest for the Orb.
     0 | D:1      | Reached XP level 1. HP: 14/14 MP: 1/1
   145 | D:1      | Reached skill level 6 in Slings
   147 | D:1      | Reached XP level 2. HP: 13/19 MP: 2/2
   467 | D:1      | Reached XP level 3. HP: 22/24 MP: 3/3
   766 | D:1      | Reached skill level 1 in Short Blades
  1372 | D:2      | Reached skill level 1 in Armour
  1534 | D:2      | Reached XP level 4. HP: 29/29 MP: 4/4
  1538 | D:2      | Found a sparkling altar of Nemelex Xobeh.
  1635 | D:2      | Found a white marble altar of Elyvilon.
  2183 | D:3      | Noticed a centaur
  2325 | D:2      | Reached XP level 5. HP: 7/34 MP: 5/5
  2332 | D:2      | Killed a centaur
  2332 | D:2      | Reached skill level 7 in Slings
  2797 | D:4      | Found an iron altar of Okawaru.
  2804 | D:4      | Reached XP level 6. HP: 41/41 MP: 6/6
  2820 | D:4      | Became a worshipper of Warmaster Okawaru
  2864 | D:4      | Noticed an ogre
  3481 | D:3      | You fall through a shaft!
  3758 | D:3      | Killed an ogre
  3758 | D:3      | Reached skill level 1 in Invocations
  3758 | D:3      | Reached XP level 7. HP: 24/45 MP: 7/7
  4136 | D:4      | Reached skill level 8 in Slings
  4142 | D:4      | Got a tiger eye-encrusted leather armour
  4161 | D:4      | Noticed Blork the orc
  4613 | D:4      | Killed Blork the orc
  4793 | D:4      | Found a runed door.
  4799 | D:4      | Noticed Crazy Yiuf
  4806 | D:4      | Killed Crazy Yiuf
  5028 | D:4      | Found a staircase to the Ecumenical Temple.
  5065 | Temple   | Entered the Ecumenical Temple
  5347 | D:5      | Entered Level 5 of the Dungeon
  5368 | D:5      | Noticed ysobel's ghost (novice MfGl)
  6003 | D:5      | Found a blossoming altar of Fedhas.
  6003 | D:5      | Found a snail-covered altar of Cheibriados.
  6246 | D:5      | Identified the +3 leather armour of Vehumet's Regard {MR+} (You found it on level 4 of the Dungeon)
  7978 | D:6      | Reached XP level 8. HP: 42/52 MP: 9/9
  8048 | D:6      | Reached skill level 9 in Slings
  8491 | D:5      | Mangled by an orc warrior

Skill      XL: |  1  2  3  4  5  6  7  8 |
---------------+-------------------------+-----
Slings         | 6 7 8 9 |  9.0
Fighting       | 2 3 |  3.3
Short Blades   | 1 2 3 |  3.6
Armour         | 1 2 3 |  3.2
Stealth        | 2 |  2.0
Dodging        | 3 4 |  4.1
Invocations    | 1 2 |  2.2

Action                   |  1- 3 |  4- 6 |  7- 9 || total
-------------------------+-------+-------+-------++-------
Melee: Short sword       |   133 |   144 |   227 ||   504
 Fire: Hunting sling     |     4 |    21 |    95 ||   120
Throw: Stone             |       |    41 |    22 ||    63
  Use: Scroll            |     3 |     2 |     6 ||    11
 Stab: Sleeping          |     3 |       |     2 ||     5
       Distracted        |       |       |     1 ||     1
  Eat: Ration            |     1 |     1 |     4 ||     6
       Chunk             |       |     4 |       ||     4
Armor: Leather armour    |    36 |       |    48 ||    84
       Ring mail         |     8 |    68 |    23 ||    99
Dodge: Dodged            |   137 |   122 |   153 ||   412
